 Dungeon Crawl Stone Soup version 0.21.1-1-g345015f (webtiles) character file.

1390 goulibeur the Agent of Entropy (level 8, -4/63 HPs)
             Began as a Demonspawn Abyssal Knight on June 22, 2018.
             Was a Priest of Lugonu.
             Slain by a wight
             ... wielding a +7 morningstar
              (5 damage)
             ... on level 6 of the Dungeon on June 23, 2018.
             The game lasted 00:22:22 (6127 turns).

goulibeur the Agent of Entropy (DsAK)               Turns: 6127, Time: 00:22:23

Health: -4/63      AC: 14    Str: 14    XL:     8   Next: 40%
Magic:  0/14       EV:  4    Int: 13    God:    Lugonu [***...]
Gold:   98         SH:  0    Dex: 17    Spells: 7/7 levels left

rFire    . . .     SeeInvis .   C - +1 hand axe (venom)
rCold    . . .     Gourm    .   (no shield)
rNeg     . . .     Faith    .   t - +0 plate armour
rPois    .         Spirit   +   x - +0 helmet
rElec    .         Reflect  .   (no cloak)
rCorr    .         Harm     .   (no gloves)
MR       .....                  p - +1 pair of boots
Stlth    ..........             y - amulet of regeneration
HPRegen  0.60/turn              A - +3 ring of dexterity
MPRegen  0.14/turn              (no ring)

@: heavily drained
A: hooves 1, powered by death 1, magic shield
a: Depart the Abyss, Bend Space, Banish, Renounce Religion


You were on level 6 of the Dungeon.
You worshipped Lugonu.
Lugonu was most pleased with you.
You were hungry.

You visited 1 branch of the dungeon, and saw 6 of its levels.
You visited the Abyss 1 time.

You collected 288 gold pieces.
You spent 190 gold pieces at shops.

Inventory:

Hand Weapons
 a - a +1 short sword
 C - a +1 hand axe of venom (weapon)
Armour
 b - a +0 leather armour
 d - a +0 ring mail
 f - a +0 scale mail
 p - a +1 pair of boots (worn)
 t - a +0 plate armour (worn)
 w - a +0 chain mail
 x - a +0 helmet (worn)
Jewellery
 y - an amulet of regeneration (around neck)
 A - a +3 ring of dexterity (left hand)
Wands
 D - a wand of iceblast (5)
 G - a wand of disintegration (11)
Scrolls
 g - 5 scrolls of identify {unknown}
 h - 6 scrolls of remove curse {unknown}
 i - 3 scrolls of teleportation {unknown}
 j - 2 scrolls of enchant armour {unknown}
 k - a scroll of random uselessness {unknown}
 m - a scroll of amnesia {unknown}
 n - 5 scrolls of fog {unknown}
 q - a scroll of immolation {unknown}
 s - a scroll of blinking {unknown}
 v - a scroll of magic mapping {unknown}
 H - a scroll of noise {unknown}
Potions
 e - 3 potions of degeneration {unknown}
 l - 4 potions of mutation {unknown}
 o - a potion of magic {unknown}
 r - 2 potions of curing {unknown}
 u - a potion of ambrosia {unknown}
 z - a potion of lignification {unknown}
 B - a potion of might {unknown}
 E - a potion of heal wounds
 F - 2 potions of berserk rage {unknown}
 I - a potion of agility {unknown}
Comestibles
 c - 13 rations


   Skills:
 + Level 5.4(2.8) Fighting
 - Level 1.7(0.0) Short Blades
 + Level 4.5(2.0) Armour
 + Level 4.1(1.6) Dodging
 * Level 9.0(6.1) Invocations


You had 7 spell levels left.
You didn't know any spells.

Dungeon Overview and Level Annotations

Branches:
Dungeon (6/15)             Temple (0/1) D:4

Altars:
Fedhas
Nemelex Xobeh
Okawaru
Wu Jian
The Shining One

Shops:
D:4 *   D:5 !

Annotations:
D:5 exclusion: oklob plant
D:6 tidbits's ghost, amateur GnSk
Abyss:1 Grinder, Menkaure


Innate Abilities, Weirdness & Mutations

You have large cloven feet.
You regenerate a little health from kills.
When hurt, damage is shared between your health and your magic reserves.


Message History

You hit the wight.
The wight is almost destroyed.
The wight hits you but does no damage.
You closely miss the wight.
The wight is almost destroyed.
The wight hits you with an enchanted morningstar!
You barely miss the wight.
The wight is almost destroyed.
The wight hits you with an enchanted morningstar!
* * * LOW HITPOINT WARNING * * *
You hit the wight but do no damage.
The wight is almost destroyed.
The wight hits you with an enchanted morningstar!
* * * LOW HITPOINT WARNING * * *
You closely miss the wight.
The wight is almost destroyed.
The wight hits you with an enchanted morningstar.
* * * LOW HITPOINT WARNING * * *
The wight hits you with an enchanted morningstar.
You die...

#..........###########.####..###
##...#.......#.........###..###.
###.....##....##########..## #.
####..............######.## #.
#..##...#.#.##...........# #.
##.##.....#.##..[........# #.
#.....#..#.##..........## ##
##...........z.........# .
#...#...#.##@.........#
#..#.#..#..##.#.......#
#.#._.#.......#####...#
#..#.#...#.#### #...#
#...#......## #.......#...##
###########..# ####


You could see a wight.

Vanquished Creatures
  Pikel (D:5)
  A scorpion (D:5)
  A water moccasin skeleton (D:4)
  3 wights
  3 howler monkeys
  An orc priest (D:3)
  A hound (D:6)
  2 bullfrog skeletons (D:5)
  A worker ant (D:4)
  2 orc wizards (D:5)
  5 adders
  5 gnolls
  A howler monkey skeleton (D:6)
  An ooze (D:1)
  An adder skeleton (D:4)
  A worm (D:3)
  A dart slug (D:3)
  6 leopard geckos
  15 orcs
  9 bats
  6 giant cockroaches
  9 goblins
  4 hobgoblins
  4 jackals (D:3)
  6 quokkas
  3 ball pythons
  5 frilled lizards
  13 kobolds
  12 rats
  A butterfly (D:4)
124 creatures vanquished.

Vanquished Creatures (others)
  A slave (D:5)
  A worker ant (D:5)
  A dart slug (D:5)
  13 toadstools (D:5)
16 creatures vanquished.

Grand Total: 140 creatures vanquished

Notes
Turn   | Place    | Note
-------+----------+-------------------------------------------
     0 | Abyss:1  | goulibeur the Demonspawn Abyssal Knight began the quest for the Orb.
     0 | Abyss:1  | Reached XP level 1. HP: 18/18 MP: 2/2
    49 | Abyss:1  | Noticed a raiju
    49 | Abyss:1  | Noticed a wraith
    50 | D:1      | Escaped the Abyss
    76 | D:1      | Reached * piety under Lugonu
    76 | D:1      | Reached skill level 1 in Dodging
   116 | D:1      | Gained mutation: You regenerate a little health from kills. [demonic ancestry]
   116 | D:1      | Reached XP level 2. HP: 22/24 MP: 4/4
   125 | D:1      | Reached skill level 3 in Invocations
   380 | D:1      | Reached XP level 3. HP: 8/29 MP: 5/5
  1294 | D:2      | Reached ** piety under Lugonu
  1446 | D:2      | Reached skill level 4 in Invocations
  1500 | D:2      | Gained mutation: You have large cloven feet. [demonic ancestry]
  1500 | D:2      | Reached XP level 4. HP: 34/35 MP: 7/7
  2615 | D:3      | Gained mutation: When hurt, damage is shared between your health and your magic reserves. [demonic ancestry]
  2615 | D:3      | Reached XP level 5. HP: 33/42 MP: 8/8
  3057 | D:3      | Reached skill level 5 in Invocations
  3690 | D:4      | Found a staircase to the Ecumenical Temple.
  3734 | D:4      | Reached XP level 6. HP: 36/48 MP: 10/10
  3832 | D:4      | Found Jaotuell's Assorted Antiques.
  3840 | D:4      | Bought a thick cameo amulet for 120 gold pieces
  3912 | D:4      | Reached skill level 6 in Invocations
  3945 | D:4      | Reached *** piety under Lugonu
  4060 | D:4      | Found a sparkling altar of Nemelex Xobeh.
  4190 | D:4      | Found an ornate altar of the Wu Jian Council.
  4381 | D:5      | Entered Level 5 of the Dungeon
  4575 | D:5      | Noticed a slave
  4575 | D:5      | Noticed a slave
  4575 | D:5      | Noticed Pikel
  4577 | D:5      | Noticed a slave
  4579 | D:5      | Noticed a slave
  4598 | D:5      | Killed Pikel
  4598 | D:5      | Reached skill level 7 in Invocations
  4598 | D:5      | Reached XP level 7. HP: 41/55 MP: 7/12
  4647 | D:5      | Found a blossoming altar of Fedhas.
  4660 | D:5      | Noticed an oklob plant
  4736 | D:5      | Reached skill level 5 in Fighting
  4736 | D:5      | Reached skill level 8 in Invocations
  4776 | D:5      | Noticed Menkaure
  4777 | D:5      | Banished Menkaure
  4777 | D:5      | Reached XP level 8. HP: 62/62 MP: 14/14
  4784 | D:5      | Found Yllei's Distillery.
  4804 | D:5      | Bought a potion of heal wounds for 70 gold pieces
  4978 | D:5      | Noticed Grinder
  4995 | D:5      | Paralysed by Grinder for 5 turns
  5000 | D:5      | Banished Grinder
  5298 | D:6      | Noticed tidbits's ghost (amateur GnSk)
  5917 | D:5      | Reached skill level 9 in Invocations
  5994 | D:6      | Found a glowing golden altar of the Shining One.
  6069 | D:6      | Found an iron altar of Okawaru.
  6126 | D:6      | HP: 1/63 [wight/enchanted morningstar (6)]
  6127 | D:6      | Slain by a wight

Skill      XL: |  1  2  3  4  5  6  7  8 |
---------------+-------------------------+-----
Dodging        | 1 2 3 4 |  4.1
Invocations    | 3 4 5 7 8 9 |  9.0
Armour         | 2 3 4 |  4.5
Fighting       | 4 5 |  5.4
Short Blades   | |  1.7

Action                   |  1- 3 |  4- 6 |  7- 9 || total
-------------------------+-------+-------+-------++-------
Melee: Short sword       |   136 |   355 |       ||   491
       Hand axe          |       |    64 |   111 ||   175
Invok: Depart the Abyss  |     1 |       |       ||     1
       Banish            |       |       |     3 ||     3
 Stab: Sleeping          |     1 |       |       ||     1
  Eat: Chunk             |     2 |    11 |     5 ||    18
Armor: Leather armour    |    36 |       |       ||    36
       Scale mail        |    11 |   100 |       ||   111
       Plate armour      |       |   141 |    62 ||   203
       Chain mail        |       |     2 |       ||     2
Dodge: Dodged            |    98 |   143 |    40 ||   281
